Map: King Sejong Station LE

Players

Silent

  • Race: Terran Terran
  • League: Grandmaster

Miszu - Winner!

  • Race: Terran Terran
  • League: Master

VOD

Have the link to the VOD?

Description

Time

  • Played on: July 1, 2016, 7:12 p.m.
  • Length: 3:10
Show
View Real Time Build Order
Export as new Build Order

Silent Terran 

Build Orders: Reaper Expand 

Get SALT Encoding   

  12  0:01  SCV  
  13  0:13  SCV  
  14  0:17  Supply Depot  
  14  0:25  SCV  
  15  0:39  SCV  
  15  0:40  Barracks  
  16  0:45  Refinery  
  16  0:51  SCV  
  17  1:03  SCV  
  18  1:15  SCV  
  19  1:28  Orbital Command  
  19  1:30  Reaper  
  20  1:41  Command Center  
  20  1:52  Supply Depot  
  20  1:55  SCV  
  21  2:02  Marine  
  22  2:08  SCV  
  22  2:09  Factory  
  23  2:15  Refinery  
  23  2:20  SCV  
  23  2:22  Barracks Reactor  
  24  2:33  SCV  
  24  2:45  SCV  
  25  2:52  Bunker  
  26  2:58  Starport  
Show
View Real Time Build Order
Export as new Build Order

Miszu Terran - Winner!

Build Orders: 1/1/1 

Get SALT Encoding   

  12  0:01  SCV  
  13  0:13  SCV  
  14  0:17  Supply Depot  
  14  0:25  SCV  
  15  0:31  Refinery  
  15  0:39  SCV  
  16  0:45  Barracks  
  16  0:51  SCV  
  16  0:56  Refinery  
  17  1:04  SCV  
  18  1:16  SCV  
  20  1:33  Orbital Command  
  20  1:34  Factory  
  20  1:36  Reaper  
  20  1:44  Supply Depot  
  20  1:59  SCV  
  21  2:08  Reaper  
  22  2:12  SCV  
  23  2:18  Starport, Hellion  
  23  2:22  Supply Depot  
  25  2:27  SCV  
  26  2:39  Hellion  
Tags
 
Add a new tag
Caveats
  • Supply blocks, unpowered buildings, or Contaminate may cause inaccurate times.
  • Supply counts are checked every 10 seconds.